 Dungeon Crawl Stone Soup version 0.23.2-33-g5129a83184 (webtiles) character file.

Game seed: 12338870544957955733

3054 ukrop the Spear-Bearer (level 9, 0/111 HPs)
             Began as a Merfolk Fighter on July 27, 2019.
             Was a Believer of Trog.
             Slain by an orc warrior
             ... wielding a +0 mace
              (4 damage)
             ... on level 7 of the Dungeon.
             The game lasted 00:26:12 (7642 turns).

ukrop the Spear-Bearer (Merfolk Fighter)            Turns: 7642, Time: 00:26:16

Health: 0/111      AC: 17    Str: 24    XL:     9   Next: 87%
Magic:  9/9        EV:  5    Int:  7    God:    Trog [**....]
Gold:   381        SH: 11    Dex: 14    Spells: 8/8 levels left

rFire    + . .     SeeInvis +   b - +0 war axe (freeze)
rCold    + . .     Gourm    .   c - +0 shield
rNeg     . . .     Faith    .   B - +0 plate armour
rPois    +         Spirit   .   o - +1 helmet
rElec    +         Reflect  .   s - +0 cloak
rCorr    +         Harm     .   F - +0 pair of gloves
MR       +....                  u - +1 pair of boots
Stlth    ..........             (no amulet)
HPRegen  0.28/turn              g - ring of see invisible
MPRegen  0.11/turn              D - ring of protection from magic

@: berserking, resistant, very slightly contaminated, starving, invisible, very
quick
A: change form in water, swift swim, stealthy swim
a: Berserk, Trog's Hand, Renounce Religion


You were on level 7 of the Dungeon.
You worshipped Trog.
Trog was pleased with you.
You were starving.

You visited 2 branches of the dungeon, and saw 8 of its levels.

You collected 478 gold pieces.
You spent 97 gold pieces at shops.

Inventory:

Hand Weapons
 a - a +0 trident
 b - a +0 war axe of freezing (weapon)
Missiles
 h - 10 tomahawks (quivered)
 i - 6 javelins
Armour
 c - a +0 shield (worn)
 o - a +1 helmet (worn)
 s - a +0 cloak (worn)
 u - a +1 pair of boots (worn)
 B - a +0 plate armour (worn)
 F - a +0 pair of gloves (worn)
 G - a +2 scale mail of cold resistance
Jewellery
 g - a ring of see invisible (left hand)
 w - an uncursed ring of protection from fire
 D - a ring of protection from magic (right hand)
Wands
 d - a wand of random effects (14)
 j - a wand of iceblast (15)
 m - a wand of polymorph (14)
 z - a wand of flame (16)
 H - a wand of enslavement (7)
Scrolls
 e - 2 scrolls of fog
 q - a scroll of magic mapping {unknown}
 t - a scroll of noise {unknown}
 x - 2 scrolls of blinking {unknown}
 y - a scroll of enchant weapon {unknown}
 A - a scroll of amnesia {unknown}
 C - a scroll of fear
 I - a scroll of immolation {unknown}
 J - a scroll of random uselessness {unknown}
 M - a scroll of silence {unknown}
Potions
 k - 2 potions of magic
 n - 2 potions of curing
 p - a potion of flight
 r - 2 potions of agility
 E - a potion of mutation
 K - a potion of haste
 L - a potion of resistance
Comestibles
 f - 6 rations


   Skills:
 + Level 8.1 Fighting
 * Level 13.2 Polearms
 - Level 2.1 Armour
 + Level 7.3 Shields


You had 8 spell levels left.
You didn't know any spells.
Your spell library contained the following spells:

 Spells                   Type           Power        Failure   Level  Hunger
 Beastly Appendage        Tmut           #.....       100%        1    ##.....
 Sticks to Snakes         Tmut           #.......     100%        2    ###....
 Spider Form              Tmut/Pois      #.........   100%        3    ####...
 Ice Form                 Ice/Tmut       #.......     100%        4    #####..
 Blade Hands              Tmut           #.........   100%        5    ######.


Dungeon Overview and Level Annotations

Branches:
Dungeon (7/15)             Temple (1/1) D:6

Altars:
Ashenzari
Cheibriados
Dithmenos
Elyvilon
Fedhas
Gozag
Hepliaklqana
Kikubaaqudgha
Nemelex Xobeh
Okawaru
Qazlal
Ru
Sif Muna
Trog
Uskayaw
Vehumet
Wu Jian
Xom
Zin
The Shining One

Shops:
D:4 =   D:5 *(?%   D:7 *

Annotations:
D:4 shop
D:5 shop


Message History

You hit the orc warrior. You freeze the orc warrior. The orc barely misses you.
You catch the helpless orc completely off-guard!
You slice the orc!! You freeze the orc.
You kill the orc!
Trog accepts your kill.
You hit the orc warrior. You freeze the orc warrior.
You block the orc warrior's attack.
You closely miss the orc warrior.
The orc warrior is almost dead.
You slash the shadow imp!
The orc warrior hits you with a +0 mace.
* * * LOW HITPOINT WARNING * * *
You block the shadow imp's attack.
You strike the helpless orc warrior from behind!
You hit the orc warrior. You freeze the orc warrior.
The orc warrior is almost dead.
You hit the shadow imp but do no damage.
You block the shadow imp's attack.
The orc warrior hits you with a +0 mace.
You die...

....≈≈...≈≈#######
.....≈._o≈........#
.....≈...≈........#
.....≈≈.≈≈........#
##....o...........########
.....................#...##
#$..#.#.#................##
.##.#.........o......?..#
#.....5@o.........#
................).#
#(..............)##
##..#####...#...## ...
..######## ## #. .


You could see an orc warrior, an orc priest and a shadow imp.

Vanquished Creatures
  A hornet (D:7)
  Grinder (D:3)
  Edmund (D:4)
  An orc warrior (D:6)
  A sky beast (D:6)
  A black bear (D:6)
  An ice beast (D:6)
  A phantom (D:7)
  2 ogres
  A centaur (D:6)
  2 bullfrogs
  A water moccasin zombie (D:5)
  2 scorpions
  3 killer bees (D:7)
  A howler monkey (D:7)
  5 wights
  A jelly (D:7)
  A bullfrog zombie (D:6)
  5 hounds
  2 centaur skeletons
  6 orc priests
  Crazy Yiuf (D:2)
  6 orc wizards
  An iguana (D:4)
  9 worker ants
  A hound skeleton (D:7)
  A worker ant zombie (D:5)
  2 howler monkey skeletons
  6 gnolls
  7 adders
  4 shadow imps (D:6)
  An ooze (D:3)
  A worm (D:3)
  4 dart slugs
  3 leopard geckos
  26 orcs
  5 giant cockroaches
  7 hobgoblins
  3 jackals
  2 quokkas
  3 ball pythons
  7 bats
  6 frilled lizards
  5 goblins
  3 kobolds
  6 rats
160 creatures vanquished.

Vanquished Creatures (others)
  5 fungi (D:7)
  4 toadstools (D:7)
9 creatures vanquished.

Grand Total: 169 creatures vanquished

Notes
Turn   | Place    | Note
-------+----------+-------------------------------------------
     0 | D:1      | ukrop the Merfolk Fighter began the quest for the Orb.
     0 | D:1      | Reached XP level 1. HP: 18/18 MP: 1/1
   113 | D:1      | Reached XP level 2. HP: 24/24 MP: 2/2
   411 | D:1      | Reached skill level 4 in Polearms
   608 | D:1      | Reached XP level 3. HP: 22/29 MP: 3/3
  1340 | D:2      | Found a sacrificial altar of Ru.
  1502 | D:2      | Found a runed translucent door.
  1503 | D:2      | Noticed Crazy Yiuf
  1615 | D:2      | Killed Crazy Yiuf
  1615 | D:2      | Reached XP level 4. HP: 28/37 MP: 4/4
  1738 | D:3      | Reached skill level 5 in Polearms
  1988 | D:3      | Reached XP level 5. HP: 38/42 MP: 5/5
  2091 | D:3      | Reached skill level 6 in Polearms
  2165 | D:3      | Noticed Grinder
  2184 | D:3      | Killed Grinder
  2184 | D:3      | Reached skill level 7 in Polearms
  2184 | D:3      | Reached XP level 6. HP: 32/50 MP: 6/6
  2858 | D:4      | Reached skill level 5 in Fighting
  2915 | D:3      | Reached XP level 7. HP: 54/56 MP: 7/7
  2951 | D:4      | Reached skill level 8 in Polearms
  3486 | D:4      | Reached skill level 5 in Shields
  3503 | D:4      | Reached skill level 9 in Polearms
  3590 | D:4      | Found Uhat's Jewellery Boutique.
  3828 | D:4      | Noticed Edmund
  4033 | D:4      | Killed Edmund
  4033 | D:4      | Reached XP level 8. HP: 51/64 MP: 8/8
  4096 | D:5      | Entered Level 5 of the Dungeon
  4285 | D:5      | Found a sacrificial altar of Ru.
  4338 | D:5      | Reached skill level 10 in Polearms
  4410 | D:5      | Found Haxiaseg's Magic Scroll Shop.
  4411 | D:5      | Found Seuheuqe's Weapon Shop.
  4412 | D:5      | Found Ypsag's Food Shop.
  4413 | D:5      | Found Hioraiw's Assorted Antiques.
  4415 | D:5      | Bought a scroll of fear for 45 gold pieces
  4415 | D:5      | Bought a scroll of identify for 26 gold pieces
  4415 | D:5      | Bought a scroll of identify for 26 gold pieces
  4734 | D:5      | Found a bloodstained altar of Trog.
  4759 | D:5      | Became a worshipper of Trog the Wrathful
  4814 | D:5      | Found a shadowy altar of Dithmenos.
  5526 | D:5      | Reached skill level 11 in Polearms
  5557 | D:5      | Found a blossoming altar of Fedhas.
  5989 | D:6      | Reached * piety under Trog
  5989 | D:6      | Reached XP level 9. HP: 64/72 MP: 9/9
  6148 | D:6      | Found a staircase to the Ecumenical Temple.
  6205 | D:6      | Found a glowing golden altar of the Shining One.
  6366 | D:6      | Reached skill level 12 in Polearms
  6384 | D:6      | Found a shadowy altar of Dithmenos.
  6678 | D:6      | Found a stormy altar of Qazlal.
  6788 | Temple   | Entered the Ecumenical Temple
  7521 | D:7      | Found an opulent altar of Gozag.
  7521 | D:7      | Found Gozag's Platinum Reserve.
  7545 | D:7      | Noticed a hornet
  7562 | D:7      | Killed a hornet
  7562 | D:7      | Reached ** piety under Trog
  7562 | D:7      | Reached skill level 13 in Polearms
  7641 | D:7      | HP: 4/111 [orc warrior/+0 mace (4)]
  7642 | D:7      | Slain by an orc warrior

Skill      XL: |  1  2  3  4  5  6  7  8  9 |
---------------+----------------------------+-----
Polearms       | 4 5 7 9 11 13 | 13.2
Fighting       | 4 5 7 8 |  8.1
Shields        | 4 5 6 7 |  7.3
Armour         | |  2.1

Action                   |  1- 3 |  4- 6 |  7- 9 || total
-------------------------+-------+-------+-------++-------
Melee: Trident           |   112 |   150 |   424 ||   686
       War axe           |       |       |   177 ||   177
       Tailslap          |       |       |     2 ||     2
Throw: Javelin           |       |       |     1 ||     1
       Tomahawk          |       |       |     1 ||     1
Invok: Berserk           |       |       |     1 ||     1
Evoke: Wand              |       |       |     1 ||     1
  Use: Scroll            |     4 |       |     9 ||    13
       Potion            |     1 |     1 |     4 ||     6
 Stab: Invisible         |       |       |     2 ||     2
  Eat: Ration            |     1 |     1 |     1 ||     3
       Chunk             |       |     1 |    10 ||    11
Armor: Scale mail        |     8 |       |       ||     8
       Chain mail        |    46 |    70 |    52 ||   168
       Plate armour      |       |       |   247 ||   247
Dodge: Dodged            |    17 |    18 |    58 ||    93
Block: Shield            |    40 |    53 |   234 ||   327
